cohdb
Replays
Latest Replays
All Replays
Popular Replays
Top Player Replays
Match Explorer
How It Works
Community
CoH3 Stats
Reddit
Sign in to upload your games and track your stats! →
Sign in with Steam
Match 41689317
Unlisted
Match 41689317
Overview
Messages
Build Orders
End
Panzergrenadier Squad
Selects Italian Infantry
Panzergrenadier Squad
Construct Light Support Kompanie
2.5-tonne Medical Truck
Fire Support Elements
le.IG 18 Support Gun Team
Panzerjäger Mechanized Group
Selects Guastatori Squad
Guastatori Squad
Veteran Squad Leaders
Guastatori Squad
Construct Panzerarmee Kommand
Armored Reserves
Panzer IV Assault Group
Emergency Repair Kits
Rapid Advance
Selects Registered Artillery
Selects Towed Cannone da 105/28 Field Howitzer
Selects Defensive Operations
Vehicle Survival Package
Tiger Heavy Tank
Branimir XII
Mettiu
Maschinengewehr42
JohnNorth
Dawes
PopcornUggla
RafZio
Reife Stute 43
0
0
Comments
sign in to comment!
No comments posted yet!